 Dungeon Crawl Stone Soup version 0.28.0 (webtiles) character file.

Game seed: 11037926767988136432

10615 skewfiend the Severer (level 11, -7/97 HPs)
             Began as a Hill Orc Fighter on Feb 15, 2022.
             Was a High Priest of Zin.
             Mangled by an orc knight (15 damage)
             ... on level 10 of the Dungeon.
             The game lasted 00:35:11 (13057 turns).

skewfiend the Severer (Hill Orc Fighter)           Turns: 13057, Time: 00:35:12

Health: -7/97      AC: 17    Str: 24    XL:     11   Next: 64%
Magic:  20/20      EV:  6    Int: 12    God:    Zin [*****.]
Gold:   696        SH:  5    Dex: 18    Spells: 10/10 levels left

rFire   . . .      SeeInvis .   a - +1 war axe (freeze)
rCold   . . .      Faith    .   c - +0 buckler
rNeg    . . .      Spirit   .   l - +0 plate armour
rPois   ∞          Reflect  .   M - +0 helmet
rElec   .          Harm     .   m - +0 cloak
rCorr   .          Rampage  .   (no gloves)
Will    .....                   (no boots)
Stlth   ..........              (no amulet)
HPRegen 0.26/turn               s - +4 ring of protection
MPRegen 0.17/turn               v - ring of poison resistance

@: vitalised
A: no striking features
a: Renounce Religion, Recite, Vitalisation, Imprison, Sanctuary, Donate Gold


You were on level 10 of the Dungeon.
You worshipped Zin.
Zin was extremely pleased with you.
You visited 2 branches of the dungeon, and saw 11 of its levels.
You also visited: Sewer and Bailey.

You collected 773 gold pieces.
You donated 77 gold pieces to Zin.

Inventory:

Hand Weapons
 a - a +1 war axe of freezing (weapon)
 q - a +0 trident
 y - a +1 whip of venom
 L - a +0 long sword of holy wrath
 R - a +3 scimitar of flaming
 X - a +3 glaive
Missiles
 f - 143 stones (quivered)
 i - 47 poisoned darts
 o - 9 boomerangs
 C - 2 javelins
 K - 61 bolts
 P - 5 silver javelins
Armour
 b - a +0 scale mail
 c - a +0 buckler (worn)
 l - a +0 plate armour (worn)
 m - a +0 cloak (worn)
 r - a +3 scale mail of cold resistance
 A - a +3 ring mail of fire resistance
 G - an orb of wrath
 M - a +0 helmet (worn)
 N - the +0 ring mail of Ru's Generosity {rF+++ Str-4 Int-4 Dex+2}
   (You took it off a kobold brigand on level 7 of the Dungeon)

   Str:       It affects your strength (-4).
   Int:       It affects your intelligence (-4).
   Dex:       It affects your dexterity (+2).
   rF:        It renders you almost immune to fire.
 O - an orb of mayhem
 S - +0 swamp dragon scales
 Y - a +0 troll leather armour
Jewellery
 p - a ring of magical power
 s - a +4 ring of protection (left hand)
 v - a ring of poison resistance (right hand)
 B - a ring of wizardry
 D - a +6 ring of dexterity
 V - a +6 ring of dexterity
Wands
 d - a wand of flame (51)
 n - a wand of iceblast (5)
 z - a wand of acid (2)
Scrolls
 e - a scroll of amnesia
 g - a scroll of enchant armour
 h - 3 scrolls of teleportation
 j - 2 scrolls of vulnerability
 u - a scroll of noise {unknown}
 E - 3 scrolls of fog
 F - a scroll of blinking {unknown}
 H - a scroll of fear
 T - a scroll of brand weapon {unknown}
 U - a scroll of enchant weapon {unknown}
Potions
 k - 2 potions of mutation
 t - 2 potions of brilliance
 w - 5 potions of curing
 x - 2 potions of flight
 J - a potion of cancellation
 Q - a potion of haste
 W - a potion of heal wounds


   Skills:
 + Level 9.1 Fighting
 * Level 16.9 Axes
 - Level 3.2 Armour
 - Level 3.2 Shields
 * Level 13.2 Invocations


You had 10 spell levels left.
You didn't know any spells.
Your spell library contained the following spells:

 Spells                   Type           Power      Damage    Failure   Level
 Beastly Appendage        Tmut           0%         N/A       100%        1
 Ensorcelled Hibernation  Hex/Ice        0%         N/A       100%        2
 Passwall                 Tmut/Erth      0%         N/A       100%        2
 Wereblood                Tmut           0%         N/A       100%        2
 Conjure Flame            Conj/Fire      0%         6-21      100%        3
 Ignite Poison            Fire/Tmut/Pois 0%         N/A       100%        3
 Spider Form              Tmut/Pois      0%         N/A       100%        3
 Swiftness                Air            0%         N/A       100%        3
 Sticky Flame             Conj/Fire      0%         2d3       100%        4


Dungeon Overview and Level Annotations

Branches:
Dungeon (10/15)            Temple (1/1) D:5            Lair (0/6) D:10
    Orc (0/2) D:10          Sewer (visited)          Bailey (visited)

Altars:
Ashenzari
Cheibriados
Dithmenos
Elyvilon
Fedhas
Gozag
Hepliaklqana
Kikubaaqudgha
Makhleb
Nemelex Xobeh
Okawaru
Qazlal
Ru
Sif Muna
Trog
Uskayaw
Vehumet
Wu Jian
Xom
Yredelemnul
Zin
The Shining One

Shops:
D:1 :=!   D:10 (


Message History

The orc knight easily resists.
The now-empty wand crumbles to dust.
Something completely misses the kobold.
The orc knight hits you from afar with a +1 bardiche!
The kobold hits the kobold with a +0 club.
The kobold is killed!
You don't have any such object.
Evoke which item? (* to show all) (? for menu, Esc to quit)
(Key replay ran out of keys)
Okay, then.
Aiming: Corrosive Bolt
Press: ? - help, Shift-Dir - straight line, f/p - orc knight
Aim: an orc knight, wielding a +1 bardiche and wearing a +0 plate armour (lightly wounded, softly glowing, 81% to hit)
The bolt of acid hits the orc knight.
The acid corrodes the orc knight!
The orc knight is lightly wounded.
The bolt of acid hits the kobold!
The acid corrodes the kobold!
You kill the kobold!
The orc knight stops glowing.
You block the orc knight's attack.
Unknown command.
Aiming: Corrosive Bolt
Press: ? - help, Shift-Dir - straight line, f/p - orc knight
Aim: an orc knight, wielding a +1 bardiche and wearing a +0 plate armour (lightly wounded, covered in acid, 71% to hit)
The bolt of acid hits the orc knight!
The orc knight seems to be corroded for longer.
The orc knight is moderately wounded.
The bolt of acid hits the kobold!
The acid corrodes the kobold!
You kill the kobold!
The orc knight hits you but does no damage.
The kobold brigand shouts!
The orc knight hits you with a +1 bardiche!!
You closely miss the orc knight.
The orc knight is moderately wounded.
The kobold hits the kobold brigand with a +0 club.
You hit the orc knight. You freeze the orc knight.
The orc knight is moderately wounded.
The orc knight hits you with a +1 bardiche!!
* * * LOW HITPOINT WARNING * * *
Unknown command.
You are ready to recite again.
The orc knight hits you from afar with a +1 bardiche!
You die...

K.) #K# . # #.# .#.
#)# #.##### ##)## ...
..###...## # ##.#
#.##..o..## #.##..#
#.#.......##
###.#...###.....@....#
.....................+
###.#...###..........#
#.##..###.#.......##
#.........##.....##
#####.#######...## #.#
##'## #.# ######^###
#.# #........#


You could see an orc knight (corroded) and a kobold brigand (confused).

Vanquished Creatures
  3 two-headed ogres
  Pikel (D:4)
  A deep elf pyromancer (Bailey)
  An ugly thing (D:8)
  An orc knight (Bailey)
  A centaur zombie (D:9)
  Maggie (D:9)
  Grinder (D:3)
  A troll (D:10)
  A hornet (D:8)
  5 yaks (D:10)
  3 wyverns (D:10)
  A shadow (D:9)
  A wraith (D:6)
  5 steam dragons
  5 water moccasins
  Duvessa (D:4)
  A sky beast (D:7)
  10 orc warriors
  A hornet zombie (D:5)
  2 necrophages
  6 centaurs
  A phantom (D:6)
  2 kobold brigands
  2 scorpions
  A water moccasin skeleton (D:4)
  Dowan (D:4)
  A killer bee (D:6)
  5 wights (D:7)
  2 jellies
  2 howler monkeys (D:9)
  A bullfrog zombie (D:6)
  2 hounds
  A centaur skeleton (D:5)
  2 gnoll shamans
  2 bullfrog skeletons
  Ijyb (D:3)
  An iguana (D:6)
  3 orc wizards
  A hound skeleton (D:5)
  A howler monkey zombie (D:8)
  9 gnolls
  3 river rats
  6 adders
  A white imp (D:5)
  2 worms
  3 dart slugs
  18 orcs
  7 endoplasms
  5 giant cockroaches
  11 goblins
  11 hobgoblins
  3 quokkas
  6 ball pythons
  5 bats
  2 frilled lizards
  19 kobolds
  6 rats
  4 toadstools (D:1)
206 creatures vanquished.

Vanquished Creatures (others)
  An iguana (D:5)
  12 plants (D:10)
13 creatures vanquished.

Grand Total: 219 creatures vanquished

Notes
Turn   | Place    | Note
-------+----------+-------------------------------------------
     0 | D:1      | skewfiend the Hill Orc Fighter began the quest for the Orb.
     0 | D:1      | Reached XP level 1. HP: 19/19 MP: 1/1
   145 | D:1      | Reached skill level 3 in Axes
   383 | D:1      | Reached XP level 2. HP: 27/27 MP: 2/2
   521 | D:1      | Found Asiro's Distillery.
   556 | D:1      | Found Ijosi's Book Boutique.
   711 | D:1      | Reached XP level 3. HP: 26/33 MP: 3/3
   812 | D:1      | Found a faded altar of an unknown god.
   858 | D:1      | Prayed at the altar of an unknown god.
   858 | D:1      | Became a worshipper of Zin the Law-Giver
   858 | D:1      | Reached * piety under Zin
   914 | D:1      | Found Yddisebla's Jewellery Emporium.
  1160 | D:2      | Reached skill level 4 in Axes
  1639 | D:2      | Reached XP level 4. HP: 28/41 MP: 4/4
  1815 | D:2      | Reached skill level 5 in Axes
  1919 | D:2      | Reached skill level 1 in Invocations
  2028 | D:2      | Reached ** piety under Zin
  2555 | D:3      | Noticed Ijyb
  2610 | D:3      | Killed Ijyb
  2611 | D:3      | Reached XP level 5. HP: 11/47 MP: 3/6
  2944 | D:3      | Noticed Grinder
  2963 | D:3      | Killed Grinder
  2964 | D:3      | Reached skill level 7 in Axes
  2964 | D:3      | Reached XP level 6. HP: 37/53 MP: 5/7
  3077 | D:3      | Found a snail-covered altar of Cheibriados.
  3397 | D:4      | Found a glowing drain.
  3469 | Sewer    | Entered a sewer
  3491 | Sewer    | Reached skill level 8 in Axes
  3583 | Sewer    | Reached XP level 7. HP: 38/60 MP: 9/9
  3728 | Sewer    | Found a white marble altar of Elyvilon.
  3988 | D:4      | Noticed Pikel
  4018 | D:4      | Killed Pikel
  4019 | D:4      | Reached skill level 5 in Fighting
  4019 | D:4      | Reached skill level 10 in Axes
  4019 | D:4      | Reached XP level 8. HP: 9/69 MP: 9/11
  4615 | D:4      | Reached *** piety under Zin
  4695 | D:4      | Noticed Dowan
  4702 | D:4      | Killed Dowan
  4703 | D:4      | Reached skill level 11 in Axes
  4709 | D:4      | Noticed Duvessa
  4732 | D:4      | Killed Duvessa
  4733 | D:4      | Reached skill level 5 in Invocations
  5039 | D:5      | Entered Level 5 of the Dungeon
  5271 | D:5      | Found a staircase to the Ecumenical Temple.
  5290 | D:5      | Reached **** piety under Zin
  5334 | Temple   | Entered the Ecumenical Temple
  5821 | D:5      | Reached skill level 12 in Axes
  6590 | D:6      | Reached XP level 9. HP: 70/75 MP: 13/13
  7067 | D:6      | Reached skill level 13 in Axes
  8021 | D:7      | Reached skill level 14 in Axes
  8352 | D:7      | Identified the +0 ring mail of Ru's Generosity {rF+++ Str-4
                  | Int-4 Dex+2}
  8357 | D:7      | Found a flagged portal.
  8363 | D:7      | Noticed a hornet
  8378 | D:7      | Reached XP level 10. HP: 78/86 MP: 15/15
  8401 | Bailey   | Entered a bailey
  8716 | Bailey   | Noticed an orc knight
  8732 | Bailey   | Reached skill level 15 in Axes
  8751 | Bailey   | Killed an orc knight
  9048 | Bailey   | Found a large runed translucent door.
  9048 | Bailey   | Found a large runed translucent door.
  9049 | Bailey   | Noticed a deep elf pyromancer
  9150 | Bailey   | Killed a deep elf pyromancer
  9510 | D:8      | Noticed a two-headed ogre
  9520 | D:8      | Killed a two-headed ogre
  9559 | D:8      | Reached skill level 10 in Invocations
  9632 | D:8      | Noticed a green ugly thing
  9664 | D:8      | Killed a green ugly thing
  9807 | D:8      | Reached ***** piety under Zin
 10014 | D:8      | Reached skill level 16 in Axes
 10562 | D:9      | Noticed Maggie
 10580 | D:9      | HP: 3/88 [Maggie (3)]
 10585 | D:9      | Killed Maggie
 10586 | D:9      | Reached XP level 11. HP: 29/94 MP: 19/19
 10997 | D:9      | Noticed a two-headed ogre
 11014 | D:9      | Killed a two-headed ogre
 11647 | D:10     | Entered Level 10 of the Dungeon
 11699 | D:10     | Found a staircase to the Lair.
 12233 | D:10     | Noticed a two-headed ogre
 12242 | D:10     | Killed a two-headed ogre
 12467 | D:10     | Found Xoudaog's Weapon Shop.
 12467 | D:10     | Found a staircase to the Orcish Mines.
 13041 | D:10     | Noticed an orc knight
 13057 | D:10     | Mangled by an orc knight

Illustrated notes

Levels and vault maps discovered:
D:1:      ldierk_water_garden, layout_basic, serial_shops,
          nicolae_lakefront_shop, shop, shop,
          shapermc_ecumenical_altar_flowoftime
D:2:      layout_basic, minivault_5, hangedman_decor_push
D:3:      layout_rooms, cheibriados_altar_1, minmay_liquid_box,
          hangedman_decor_peaks_small, uniq_grinder, uniq_ijyb
D:4:      layout_loops_ring, gup_sewer_entry_bubbles, minmay_pentangle,
          uniq_duvessa, uniq_pikel
D:5:      layout_basic, minmay_temple_entry_tees
D:6:      cheibrodos_steamvent, layout_basic, kb_rosetta
D:7:      layout_rooms, enter_bailey_5
D:8:      layout_basic
D:9:      layout_roguey, uniq_maggie
D:10:     layout_loops_corners, minmay_lair_entry_grove, orc_david_3
Temple:   mainiacjoe_temple_trianglar_array

Skill      XL: |  1  2  3  4  5  6  7  8  9 10 11 |
---------------+----------------------------------+-----
Axes           | 3 4 5 7 8 10 12 14 16 | 16.9
Fighting       | 4 5 6 7 8 9 |  9.1
Invocations    | 1 2 3 4 5 7 11 13 | 13.2
Armour         | |  3.2
Shields        | |  3.2

Action                   |  1- 3 |  4- 6 |  7- 9 | 10-12 || total
-------------------------+-------+-------+-------+-------++-------
Melee: War axe           |    76 |   168 |   259 |   256 ||   759
Throw: Stone             |     6 |       |       |    22 ||    28
       Boomerang         |       |       |     1 |       ||     1
       Dart              |       |       |       |     3 ||     3
Invok: Recite            |     3 |     4 |    11 |    19 ||    37
       Vitalisation      |       |     4 |     7 |     9 ||    20
       Imprison          |       |       |       |     2 ||     2
Evoke: Wand              |       |       |    10 |    21 ||    31
  Use: Potion            |       |     1 |     7 |     6 ||    14
       Scroll            |       |       |    11 |     2 ||    13
 Stab: Confused          |       |       |     2 |     2 ||     4
       Paralysed         |       |       |     1 |     5 ||     6
       Invisible         |       |       |     1 |     1 ||     2
Armor: Scale mail        |    19 |       |       |       ||    19
       Plate armour      |    14 |   122 |   151 |   111 ||   398
Dodge: Dodged            |    21 |    40 |    57 |    31 ||   149
Block: Buckler           |    22 |    24 |    74 |    56 ||   176
